AoeStats
← Maslive

Nomad

510634752Analyzed
2v2 RM · 9h ago on Oct 1, 2026· 33m 23s· 4 players
Game mode
Random Map
Map size
176×176
Population
200
Speed
Normal
Resources
Standard
Victory
Conquest
Starting age
Dark Age
Ending age
Imperial Age
RankedLock teamsTeams togetherTeam positionsShared explorationLock speedFull tech treeHidden civsTurbo modeCheats
Victory
Defeat
🇨🇴 Japanese · Colombia
1326
+13
🇺🇸 Vietnamese · United States
1212
+17
🇺🇸 Varangians · United States
1277
-16
🇺🇸 Huns · United States
1216
-14
JAGR | Mazzei10
5:01 Loom
13:46 Feudal Age
15:36 Fishing Lines
18:59 Castle Age
17:35 Stone Mining
18:04 Double-Bit Axe
18:05 Horse Collar
18:23 Gold Mining
20:32 Wheelbarrow
20:40 Fletching
20:50 Gillnets
23:15 Bow Saw
24:33 Scale Mail Armor
24:58 Squires
29:12 Forging
29:18 Chain Mail Armor
JAGR | juankof
4:30 Loom
13:16 Feudal Age
14:08 Double-Bit Axe
18:33 Fletching
24:31 Castle Age
25:30 Wheelbarrow
25:27 Pikeman
26:18 Forging
26:08 Scale Mail Armor
27:04 Bow Saw
26:48 Fishing Lines
29:32 Iron Casting
30:46 Medium Warships
32:19 Chain Mail Armor
Femboy Hooters
3:54 Loom
14:14 Feudal Age
19:03 Castle Age
17:22 Double-Bit Axe
24:55 Fletching
25:41 Horse Collar
31:03 Gold Mining
33:22 Wheelbarrow
Maslive
11:43 Loom
14:21 Feudal Age
19:51 Castle Age
20:55 Bloodlines
20:46 Husbandry
21:01 Forging
20:56 Scale Barding Armor
20:59 Double-Bit Axe
21:06 Horse Collar
21:51 Gold Mining
25:10 Iron Casting
31:20 Stone Mining
32:42 Man-at-Arms
33:23 Squires
Connection lost

Rejoining the realm…

Still unreachable

The connection could not be restored.

Session expired

The server has moved on; the page needs a fresh start.